 Dungeon Crawl Stone Soup version 0.28-a0-674-gdaf460b524 (webtiles) character file.

Game seed: 3438591985864765487

5198 Sabo the Ducker (level 10, -4/72 HPs)
             Began as a Djinni Gladiator on Oct 17, 2021.
             Was an Initiate of Gozag.
             Slain by a centaur warrior (7 damage)
             ... on level 8 of the Dungeon.
             The game lasted 01:01:07 (11722 turns).

Sabo the Ducker (Djinni Gladiator)                 Turns: 11722, Time: 01:01:09

Health: -4/72      AC:  8    Str: 19    XL:     10   Next: 91%
Gold:   305        EV: 19    Int: 10    God:    Gozag SH:  5 Dex: 27

rFire   + + .      SeeInvis .   H - +5 spear (freeze)
rCold   x . .      Faith    .   (no shield)
rNeg    . . .      Spirit   .   o - +0 robe
rPois   ∞          Reflect  +   F - +1 hat
rElec   .          Harm     .   C - +2 cloak
rCorr   .          Rampage  .   x - +1 pair of gloves {Str+3}
Will    +....                   (boots unavailable)
Stlth   +++.......              g - amulet of reflection
HPRegen 0.22/turn               u - +6 ring of dexterity
MPRegen 0.00/turn               E - +6 ring of dexterity

@: gold aura, flying
A: sickness immunity, fire resistance 2, cold vulnerability 1, float, innate
caster, hp casting, extra vitality 1
a: Renounce Religion, Potion Petition, Call Merchant, Bribe Branch


You were on level 8 of the Dungeon.
You worshipped Gozag.
Gozag was aware of your devotion.
You visited 1 branch of the dungeon, and saw 8 of its levels.

You collected 1230 gold pieces.
You spent 196 gold pieces at shops.
You paid 729 gold pieces to Gozag.

Inventory:

Hand Weapons
 a - a +0 war axe
 l - a +1 antimagic hand axe
 m - a +2 whip of flaming
 n - a +0 arbalest
 s - a +1 flail of protection
 G - a +3 battleaxe
 H - a +5 spear of freezing (weapon)
 K - a +4 scimitar
Missiles
 d - 5 throwing nets
 h - 31 poisoned darts (quivered)
 k - 111 arrows
 v - 39 sling bullets
 z - 8 boomerangs
 A - 20 bolts
Armour
 b - a +0 leather armour
 o - a +0 robe (worn)
 q - a +0 ring mail
 r - a scarf of invisibility
 x - a +1 pair of gloves of strength (worn)
 C - a +2 cloak (worn)
 F - a +1 hat (worn)
Magical Staves
 t - a staff of fire
Jewellery
 g - an amulet of reflection (around neck)
 u - a +6 ring of dexterity (left hand)
 E - a +6 ring of dexterity (right hand)
 L - a ring of willpower
Wands
 I - a wand of iceblast (14)
Scrolls
 c - a scroll of holy word {unknown}
 f - 2 scrolls of blinking
 i - 4 scrolls of fog
 y - a scroll of enchant armour {unknown}
Potions
 e - a potion of ambrosia {unknown}
 j - 3 potions of lignification {unknown}
 p - 6 potions of curing
 w - 2 potions of cancellation
 D - a potion of brilliance {unknown}


   Skills:
 + Level 6.2 Fighting
 + Level 4.0(6.8) Axes
 + Level 6.5(7.1) Maces & Flails
 + Level 5.2(5.9) Polearms
 + Level 1.6 Throwing
 + Level 3.2 Armour
 + Level 7.3 Dodging
 + Level 3.1 Stealth
 + Level 4.2 Shields


You couldn't memorise any spells.
You knew the following spells:

 Your Spells              Type           Power      Damage    Failure   Level
a - Sting                 Tmut/Pois      0%         1d3       36%         1
b - Poisonous Vapours     Pois/Air       0%         N/A       50%         2
c - Frozen Ramparts       Ice            0%         1d2       75%         3
d - Portal Projectile     Hex/Tloc       0%         N/A       75%         3
Your spell library was empty.

Dungeon Overview and Level Annotations

Branches:
Dungeon (8/15)             Temple (0/1) D:6
   Lair: D:8-11

Altars:
Gozag
Kikubaaqudgha
Makhleb
Nemelex Xobeh
Qazlal
Trog
Uskayaw
Vehumet
Wu Jian
Xom
The Shining One

Shops:
D:6 ?:[   D:8 (


Innate Abilities, Weirdness & Mutations

You are immune to sickness and miasma.
You are immune to poison.
Your flesh is very heat resistant. (rF++)
You are vulnerable to cold. (rC-)
You float through the air rather than walking.
You learn spells naturally, not from books.
Your magical power is your life essence.
You have superior vitality. (+4 HP)


Message History

The centaur warrior is severely wounded.
The centaur warrior hits you!
* * * LOW HITPOINT WARNING * * *
The centaur warrior completely misses you.
You hit the centaur warrior. You freeze the centaur warrior.
The centaur warrior is almost dead.
The centaur warrior hits you.
* * * LOW HITPOINT WARNING * * *
The centaur warrior kicks you but does no damage.
You block the centaur warrior's attack.
The centaur warrior kicks you but does no damage.
You barely miss the centaur warrior.
The centaur warrior is severely wounded.
The centaur warrior barely misses you. The centaur warrior misses you.
You puncture the centaur warrior! You freeze the centaur warrior.
You kill the centaur warrior!
The centaur warrior wields a +0 shortbow.
The centaur warrior shoots an arrow.
You reflect the arrow off an invisible shield around you!
The arrow hits the centaur warrior!!
Your Polearms skill increases to level 5!
Your Stealth skill increases to level 3!
The centaur warrior unwields a +0 shortbow.
The centaur warrior hits you.
* * * LOW HITPOINT WARNING * * *
The centaur warrior kicks you.
* * * LOW HITPOINT WARNING * * *
Things that are here:
12 gold pieces; a +0 shortbow; 23 arrows You hit the centaur warrior.
You freeze the centaur warrior.
The centaur warrior is heavily wounded.
You block the centaur warrior's attack.
The centaur warrior kicks you but does no damage.
You puncture the centaur warrior! You freeze the centaur warrior.
The centaur warrior is severely wounded.
The centaur warrior hits you.
* * * LOW HITPOINT WARNING * * *
The centaur warrior closely misses you. The centaur warrior hits you!
You die...
Your body crumbles into a pile of gold.

#...c.....#..# .# ###
#.#c#####...###.# #..
#.#c# ##(###.## #..
#.#.# #)###c#### #..
#.#.# #.##.#cCc# #..
#.#.# #...##eC:###..
#.#.# ######c)##....
#.#.##############.###
#.#Cc@...........#.#..
#.##############.#.#.#
#.# #............ #.#
#............ #.#
#.......#.##. #.#
#..####..#.#. #.#
#...#.....##. #.#####
#..##........ #.....#
#......_..'..


You could see a centaur warrior and a cyclops.

Vanquished Creatures
  A centaur warrior (D:8)
  Pikel (D:5)
  A cyclops (D:8)
  A hornet (D:8)
  Grum (D:8)
  A water moccasin (D:8)
  An ice beast (D:6)
  An ogre (D:4)
  A black bear (D:5)
  A hornet zombie (D:8)
  2 centaurs
  A necrophage (D:6)
  4 wolves (D:8)
  2 kobold brigands
  2 scorpions (D:5)
  3 bullfrogs
  A wyvern zombie (D:8)
  A gnoll sergeant (D:6)
  A wyvern skeleton (D:6)
  A water moccasin skeleton (D:5)
  14 wights
  A howler monkey (D:5)
  2 bullfrog zombies
  2 centaur zombies
  An iron imp (D:8)
  2 jellies
  A gnoll shaman (D:7)
  3 hounds (D:4)
  2 orc priests
  2 bullfrog skeletons
  A centaur skeleton (D:6)
  3 iguanas
  Terence (D:2)
  4 orc wizards
  A killer bee zombie (D:6)
  A howler monkey zombie (D:6)
  10 gnolls
  A howler monkey skeleton (D:7)
  2 adders
  3 shadow imps
  2 white imps
  2 dart slugs (D:1)
  A worm (D:3)
  18 orcs
  7 ball pythons
  8 endoplasms
  3 giant cockroaches
  6 goblins
  4 hobgoblins
  3 jackals (D:2)
  4 quokkas
  8 bats
  2 frilled lizards
  3 goblin skeletons (D:8)
  3 hobgoblin zombies (D:8)
  15 kobolds
  2 orc skeletons (D:8)
  An orc zombie (D:8)
  4 rats (D:1)
181 creatures vanquished.

Vanquished Creatures (others)
  Maurice (D:8)
1 creature vanquished.

Grand Total: 182 creatures vanquished

Notes
Turn   | Place    | Note
-------+----------+-------------------------------------------
     0 | D:1      | Sabo the Djinni Gladiator began the quest for the Orb.
     0 | D:1      | Reached XP level 1. HP: 18/18 MP: 0/0
   278 | D:1      | Reached XP level 2. HP: 23/23 MP: 0/0
   719 | D:1      | Reached XP level 3. HP: 19/28 MP: 0/0
   719 | D:1      | Learned a level 1 spell: Sting
  1126 | D:2      | Noticed Terence
  1141 | D:2      | Killed Terence
  1142 | D:2      | Reached skill level 1 in Armour
  1142 | D:2      | Reached XP level 4. HP: 7/33 MP: 0/0
  2204 | D:3      | Found an opulent altar of Gozag.
  2235 | D:3      | Reached XP level 5. HP: 39/39 MP: 0/0
  2235 | D:3      | Learned a level 2 spell: Poisonous Vapours
  2772 | D:3      | Became a worshipper of Gozag Ym Sagoz the Greedy
  3150 | D:3      | Found a faded altar of an unknown god.
  3569 | D:3      | Identified a scroll of acquirement
  3570 | D:3      | Acquired a +1 pair of gloves of strength
  3614 | D:4      | Found a stormy altar of Qazlal.
  3837 | D:4      | Reached skill level 1 in Maces & Flails
  4053 | D:4      | Reached XP level 6. HP: 45/45 MP: 0/0
  4321 | D:4      | Noticed an ogre
  4330 | D:4      | Killed an ogre
  4384 | D:4      | Found a burning altar of Makhleb.
  4495 | D:4      | Reached skill level 1 in Shields
  4495 | D:4      | Reached XP level 7. HP: 45/50 MP: 0/0
  4495 | D:4      | Learned a level 3 spell: Frozen Ramparts
  4663 | D:5      | Entered Level 5 of the Dungeon
  4855 | D:5      | Noticed Pikel
  4875 | D:5      | Killed Pikel
  4876 | D:5      | Reached skill level 4 in Dodging
  4876 | D:5      | Reached skill level 1 in Stealth
  4876 | D:5      | Reached XP level 8. HP: 33/58 MP: 0/0
  5242 | D:5      | Reached skill level 5 in Maces & Flails
  5812 | D:6      | Reached XP level 9. HP: 46/62 MP: 0/0
  5812 | D:6      | Learned a level 3 spell: Portal Projectile
  5988 | D:6      | Found Xenyciv's Magic Scroll Emporium.
  6159 | D:6      | Reached skill level 5 in Fighting
  6161 | D:6      | Found Ewaylongib's Book Shoppe.
  6254 | D:6      | Reached skill level 5 in Dodging
  6267 | D:6      | Found an ornate altar of the Wu Jian Council.
  6466 | D:6      | Found Unteasoet's Antique Armour Shoppe.
  6469 | D:6      | Bought a runed hat for 196 gold pieces
  6824 | D:6      | Found a staircase to the Ecumenical Temple.
  8353 | D:8      | Reached skill level 1 in Polearms
  8353 | D:8      | Reached skill level 6 in Dodging
  8378 | D:8      | Noticed a cyclops
  8378 | D:8      | Noticed a cyclops
  8378 | D:8      | Noticed a cyclops
  8379 | D:8      | Found a runed translucent door.
  8381 | D:8      | Noticed a deep elf pyromancer
  8381 | D:8      | Noticed a centaur warrior
  8381 | D:8      | Noticed a centaur warrior
  8381 | D:8      | Noticed a centaur warrior
  8381 | D:8      | Noticed a centaur warrior
  8418 | D:8      | Found a glowing golden altar of the Shining One.
  8582 | D:8      | Found a shimmering altar of Xom.
  8867 | D:8      | Reached XP level 10. HP: 54/70 MP: 0/0
  9364 | D:8      | Found a sparkling altar of Nemelex Xobeh.
  9369 | D:8      | Found a bloodstained altar of Trog.
  9463 | D:8      | Noticed Grum
  9481 | D:8      | Killed Grum
 10246 | D:8      | Noticed Maurice
 10264 | D:8      | Killed Maurice
 11217 | D:8      | Found a hide-covered altar of Uskayaw.
 11399 | D:8      | Killed a cyclops
 11400 | D:8      | Reached skill level 7 in Dodging
 11719 | D:8      | Killed a centaur warrior
 11720 | D:8      | Reached skill level 5 in Polearms
 11722 | D:8      | HP: 3/72 [centaur warrior (5)]
 11722 | D:8      | Slain by a centaur warrior

Illustrated notes

Levels and vault maps discovered:
D:1:      lemuel_arrival_broad_hall, layout_loops_cross
D:2:      layout_basic, minivault_24, uniq_terence
D:3:      layout_basic, grunt_gozag_statues,
          shapermc_ecumenical_altar_mp_ritualfount, hangedman_glass_teeth,
          st_stairs_7
D:4:      layout_loops_ring, makhleb_blood_cavern_becter,
          nicolae_qazlal_scattered_showers, nicolae_vehumet_altar_sigil
D:5:      layout_loops_cross, mainiacjoe_overflow_paths,
          amcnicky_mini_corridor_feature, solitary_fountain, uniq_pikel
D:6:      layout_rooms, nzn_wu_jian_council_hall, minmay_temple_entry_arrows,
          serial_shops, shop, nicolae_diamond_shop, kennysheep_mini
D:7:      layout_cave_pods
D:8:      minmay_gate_of_8, layout_basic, mainiacjoe_overflow_alcove_4,
          nicolae_tso_besieged_by_evil, overflow_temple_1_default,
          amethyst_overflow_temple_binary, uniq_grum, uniq_maurice

Skill      XL: |  1  2  3  4  5  6  7  8  9 10 |
---------------+-------------------------------+-----
Axes           | 3 4 |  4.0
Armour         | 1 2 3 |  3.2
Maces & Flails | 1 2 4 5 6 |  6.5
Fighting       | 3 4 5 6 |  6.2
Shields        | 1 2 3 4 |  4.2
Dodging        | 4 6 7 |  7.3
Stealth        | 1 2 3 |  3.1
Polearms       | 1 5 |  5.2
Throwing       | |  1.6

Action                   |  1- 3 |  4- 6 |  7- 9 | 10-12 || total
-------------------------+-------+-------+-------+-------++-------
Melee: War axe           |    79 |       |    38 |       ||   117
       Hand axe          |       |    58 |       |       ||    58
       Flail             |       |    72 |   238 |       ||   310
       Spear             |       |       |   118 |   198 ||   316
Throw: Dart              |     1 |     5 |       |     1 ||     7
Invok: Call Merchant     |       |       |     1 |       ||     1
  Use: Scroll            |       |     4 |     7 |     1 ||    12
       Potion            |       |       |       |     2 ||     2
 Stab: Sleeping          |     1 |       |     3 |     1 ||     5
       Distracted        |       |       |       |     1 ||     1
Armor: Leather armour    |    23 |     7 |    12 |       ||    42
       Scale mail        |       |    59 |       |       ||    59
       Robe              |       |       |   117 |    35 ||   152
Dodge: Dodged            |    55 |    50 |   330 |   134 ||   569
Block: Other             |    12 |    33 |   107 |    49 ||   201
       Reflection        |       |       |     4 |     2 ||     6

Table legend: (Time is in decaauts)
 A = Elapsed time spent in this place.
 B = Non-inter-level travel time spent in this place.
 C = Inter-level travel time spent in this place.
 D = Time resting spent in this place.
 E = Time spent auto-exploring this place.
 F = Levels seen in this place.
 G = Mean time per level.
                   A        B        C        D        E       F      G
               +--------+--------+--------+--------+--------+-----+--------+
         Total |  11779 |  11779 |      0 |   3567 |      0 |   8 | 1472.4 |
       Dungeon |  11779 |  11779 |      0 |   3567 |      0 |   8 | 1472.4 |
               +--------+--------+--------+--------+--------+-----+--------+

Top non-repeatable levels by time:
     D:8: 3466 daAuts
     D:3: 1435 daAuts
     D:6: 1268 daAuts
     D:7: 1185 daAuts
     D:1: 1149 daAuts
     D:5: 1143 daAuts
     D:4: 1083 daAuts
     D:2: 1047 daAuts
